| TOP OF THE 1ST |
|
Phoenix Giants batting - Pitching for Salt Lake City Bees : RHP Ed Nunez
|
|
Pitching: RHP Ed Nunez
|
|
|
Batting: LHB Raymond Rivas
|
0-0: Called Strike 0-1: Fly out, F5 (Popup, 5F, EV 77.5 MPH)
|
|
Batting: LHB Bobby V Mitchell
|
0-0: Ball 1-0: Foul Ball, location: 2F 1-1: Ball 2-1: Foul Ball, location: 2F 2-2: Fly out, F7 (Line Drive, 7, EV 87.5 MPH)
|
|
Batting: LHB Ernie Riles
|
0-0: Swinging Strike 0-1: Foul Ball, location: 2F 0-2: Ground out 4-3 (Groundball, 4, EV 83.1 MPH)
|
| Top of the 1st over - 0 runs, 0 hits, 0 errors, 0 left on base; Phoenix 0 - Salt Lake City 0 |
| BOTTOM OF THE 1ST |
|
Salt Lake City Bees batting - Pitching for Phoenix Giants : RHP Hal Dues
|
|
Pitching: RHP Hal Dues
|
|
|
Batting: RHB Robert Potts
|
0-0: Ball 1-0: Ball 2-0: Swinging Strike 2-1: Called Strike 2-2: Fly out, F8 (Flyball, 8LXD, EV 98.1 MPH)
|
|
Batting: LHB Mike Cole
|
0-0: Foul Ball, location: 2F 0-1: Ground out 4-3 (Groundball, 4, EV 91.3 MPH)
|
|
Batting: RHB Dick C Schofield
|
0-0: Foul Ball, location: 2F 0-1: Swinging Strike 0-2: Ground out 6-3 (Groundball, 6S, EV 68.1 MPH)
|
| Bottom of the 1st over - 0 runs, 0 hits, 0 errors, 0 left on base; Phoenix 0 - Salt Lake City 0 |
| TOP OF THE 2ND |
|
Phoenix Giants batting - Pitching for Salt Lake City Bees : RHP Ed Nunez
|
|
Batting: SHB John Macauley
|
0-0: Ground out 6-3 (Groundball, 56, EV 96.3 MPH)
|
|
Batting: LHB Joseph Bruno
|
0-0: Called Strike 0-1: Ball 1-1: Fly out, F9 (Flyball, 9LM, EV 98.1 MPH)
|
|
Batting: LHB Mike Reynolds
|
0-0: Ball 1-0: SINGLE (Groundball, 6M, EV 96.9 MPH) (infield hit)
|
|
Batting: RHB Adam Veldman
|
0-0: Ball 1-0: Fly out, F7 (Line Drive, 7, EV 105.6 MPH)
|
| Top of the 2nd over - 0 runs, 1 hit, 0 errors, 1 left on base; Phoenix 0 - Salt Lake City 0 |
| BOTTOM OF THE 2ND |
|
Salt Lake City Bees batting - Pitching for Phoenix Giants : RHP Hal Dues
|
|
Batting: RHB William Cole
|
0-0: Swinging Strike 0-1: Called Strike 0-2: Foul Ball, location: 2F 0-2: SINGLE (Groundball, 56D, EV 99.4 MPH)
|
|
Batting: RHB Jamie Nelson
|
0-0: Called Strike 0-1: Ball 1-1: Fly out, F9 (Flyball, 89XD, EV 103.8 MPH)
|
|
Batting: RHB Darnell Coles
|
0-0: Ball 1-0: Ball 2-0: Called Strike 2-1: Ball 3-1: Fly out, F3 (Popup, 3F, EV 60.0 MPH)
|
|
Batting: RHB Stephen Vaughan
|
0-0: Called Strike 0-1: Swinging Strike Passed Ball! William Cole to second 0-2: Ball 1-2: Ball 2-2: Strikes out looking
|
| Bottom of the 2nd over - 0 runs, 1 hit, 0 errors, 1 left on base; Phoenix 0 - Salt Lake City 0 |
| TOP OF THE 3RD |
|
Phoenix Giants batting - Pitching for Salt Lake City Bees : RHP Ed Nunez
|
|
Batting: LHB Frank Gill
|
0-0: Swinging Strike 0-1: Ball 1-1: Fly out, F7 (Flyball, 78S, EV 96.3 MPH)
|
|
Batting: RHB Tom Wieghaus
|
0-0: Ball 1-0: Called Strike 1-1: Called Strike 1-2: Strikes out swinging
|
|
Batting: LHB Raymond Rivas
|
0-0: Called Strike 0-1: Fly out, F9 (Flyball, 9LM, EV 96.3 MPH)
|
| Top of the 3rd over - 0 runs, 0 hits, 0 errors, 0 left on base; Phoenix 0 - Salt Lake City 0 |
| BOTTOM OF THE 3RD |
|
Salt Lake City Bees batting - Pitching for Phoenix Giants : RHP Hal Dues
|
|
Batting: RHB Darrell Miller
|
0-0: Foul Ball, location: 2F 0-1: SINGLE (Groundball, 56D, EV 105.6 MPH)
|
|
Batting: RHB Reid Nichols
|
0-0: Fly out, F6 (Popup, 56, EV 61.9 MPH)
|
|
Batting: RHB Robert Potts
|
0-0: Grounds into double play, 5-4-3 (Groundball, 5L, EV 103.8 MPH)
|
| Bottom of the 3rd over - 0 runs, 1 hit, 0 errors, 0 left on base; Phoenix 0 - Salt Lake City 0 |
| TOP OF THE 4TH |
|
Phoenix Giants batting - Pitching for Salt Lake City Bees : RHP Ed Nunez
|
|
Batting: LHB Bobby V Mitchell
|
0-0: Ball 1-0: Ball 2-0: Foul Ball, location: 2F 2-1: Ball 3-1: Foul Ball, location: 2F 3-2: Strikes out swinging
|
|
Batting: LHB Ernie Riles
|
0-0: Foul Ball, location: 2F 0-1: Ball 1-1: Ball 2-1: Ball 3-1: Fly out, F8 (Flyball, 89M, EV 93.1 MPH)
|
|
Batting: SHB John Macauley
|
0-0: Ball 1-0: Ball 2-0: Called Strike 2-1: Swinging Strike 2-2: Ball 3-2: Fly out, F8 (Flyball, 8LD, EV 97.5 MPH)
|
| Top of the 4th over - 0 runs, 0 hits, 0 errors, 0 left on base; Phoenix 0 - Salt Lake City 0 |
| BOTTOM OF THE 4TH |
|
Salt Lake City Bees batting - Pitching for Phoenix Giants : RHP Hal Dues
|
|
Batting: LHB Mike Cole
|
0-0: Swinging Strike 0-1: Ball 1-1: Ball 2-1: Ball 3-1: Base on Balls
|
|
Batting: RHB Dick C Schofield
|
0-0: Called Strike 0-1: Fielders Choice at 2nd, 2-6 (Groundball, 13S, EV 65.0 MPH)
|
|
Batting: RHB William Cole
|
0-0: Ball 1-0: Called Strike 1-1: Ball 2-1: Swinging Strike 2-2: Foul Ball, location: 2F 2-2: Ball 3-2: Fly out, F5 (Popup, 5S, EV 78.1 MPH)
|
|
Batting: RHB Jamie Nelson
|
0-0: Called Strike 0-1: Fly out, F7 (Line Drive, 7, EV 93.1 MPH)
|
| Bottom of the 4th over - 0 runs, 0 hits, 0 errors, 1 left on base; Phoenix 0 - Salt Lake City 0 |
| TOP OF THE 5TH |
|
Phoenix Giants batting - Pitching for Salt Lake City Bees : RHP Ed Nunez
|
|
Batting: LHB Joseph Bruno
|
0-0: Called Strike 0-1: Ball 1-1: Ball 2-1: Foul Ball, location: 2F 2-2: Ground out 2-3 (Groundball, 2R, EV 66.3 MPH)
|
|
Batting: LHB Mike Reynolds
|
0-0: Foul Ball, location: 2F 0-1: Ball 1-1: Foul Ball, location: 2F 1-2: Ground out 4-3 (Groundball, 4, EV 88.8 MPH)
|
|
Batting: RHB Adam Veldman
|
0-0: Ground out 2-3 (Groundball, 15S, EV 72.5 MPH)
|
| Top of the 5th over - 0 runs, 0 hits, 0 errors, 0 left on base; Phoenix 0 - Salt Lake City 0 |
| BOTTOM OF THE 5TH |
|
Salt Lake City Bees batting - Pitching for Phoenix Giants : RHP Hal Dues
|
|
Batting: RHB Darnell Coles
|
0-0: Ball 1-0: Called Strike 1-1: Ball 2-1: Foul Ball, location: 2F 2-2: Strikes out swinging
|
|
Batting: RHB Stephen Vaughan
|
0-0: Ground out 6-3 (Groundball, 6, EV 86.9 MPH)
|
|
Batting: RHB Darrell Miller
|
0-0: Ground out 1-3 (Groundball, 13, EV 73.1 MPH)
|
| Bottom of the 5th over - 0 runs, 0 hits, 0 errors, 0 left on base; Phoenix 0 - Salt Lake City 0 |
| TOP OF THE 6TH |
|
Phoenix Giants batting - Pitching for Salt Lake City Bees : RHP Ed Nunez
|
|
Batting: LHB Frank Gill
|
0-0: Ball 1-0: Called Strike 1-1: Ground out 1-3 (Groundball, 34S, EV 69.4 MPH)
|
|
Batting: RHB Tom Wieghaus
|
0-0: Ball 1-0: Called Strike 1-1: Swinging Strike 1-2: Ball 2-2: Foul Ball, location: 2F 2-2: Strikes out swinging
|
|
Batting: LHB Raymond Rivas
|
0-0: Swinging Strike 0-1: Ball 1-1: Fly out, F8 (Flyball, 78S, EV 85.6 MPH)
|
| Top of the 6th over - 0 runs, 0 hits, 0 errors, 0 left on base; Phoenix 0 - Salt Lake City 0 |
| BOTTOM OF THE 6TH |
|
Salt Lake City Bees batting - Pitching for Phoenix Giants : RHP Hal Dues
|
|
Batting: RHB Reid Nichols
|
0-0: Called Strike 0-1: Ball 1-1: Ball 2-1: Foul Ball, location: 2F 2-2: Ground out 6-3 (Groundball, 6, EV 80.0 MPH)
|
|
Batting: RHB Robert Potts
|
0-0: Foul Ball, location: 2F 0-1: Ball 1-1: Fly out, F8 (Flyball, 8RD, EV 103.8 MPH)
|
|
Batting: LHB Mike Cole
|
0-0: Ground out 4-3 (Groundball, 4, EV 93.8 MPH)
|
| Bottom of the 6th over - 0 runs, 0 hits, 0 errors, 0 left on base; Phoenix 0 - Salt Lake City 0 |
| TOP OF THE 7TH |
|
Phoenix Giants batting - Pitching for Salt Lake City Bees : RHP Ed Nunez
|
|
Batting: LHB Bobby V Mitchell
|
0-0: Called Strike 0-1: Ball 1-1: Foul Ball, location: 2F 1-2: Strikes out swinging
|
|
Batting: LHB Ernie Riles
|
0-0: Ball 1-0: Ball 2-0: Ball 3-0: Called Strike 3-1: Base on Balls
|
|
Batting: SHB John Macauley
|
0-0: Foul Ball, location: 2F 0-1: Called Strike 0-2: Foul Ball, location: 2F 0-2: Ball 1-2: Ball 2-2: Fly out, F8 (Flyball, 78D, EV 99.4 MPH)
|
|
Batting: LHB Joseph Bruno
|
0-0: Ball Ernie Riles steals 2nd base 1-0: Ball 2-0: Called Strike 2-1: Swinging Strike 2-2: Foul Ball, location: 2F 2-2: Ground out 4-3 (Groundball, 4, EV 88.8 MPH)
|
| Top of the 7th over - 0 runs, 0 hits, 0 errors, 1 left on base; Phoenix 0 - Salt Lake City 0 |
| BOTTOM OF THE 7TH |
|
Salt Lake City Bees batting - Pitching for Phoenix Giants : RHP Hal Dues
|
|
Batting: RHB Dick C Schofield
|
0-0: Ball 1-0: DOUBLE (Groundball, 5L, EV 105.0 MPH)
|
|
Batting: RHB William Cole
|
0-0: Ball 1-0: Swinging Strike 1-1: Fly out, F7 (Flyball, 7, EV 94.4 MPH)
|
|
Batting: RHB Jamie Nelson
|
0-0: Ball 1-0: Ball 2-0: Ball 3-0: Base on Balls
|
|
Batting: RHB Darnell Coles
|
0-0: Ball 1-0: Foul Ball, location: 2F 1-1: Ball 2-1: Fly out, F8 (Flyball, 78M, EV 78.1 MPH)
|
|
Batting: RHB Stephen Vaughan
|
0-0: Ball 1-0: Fly out, F8 (Line Drive, 8RM, EV 93.8 MPH)
|
| Bottom of the 7th over - 0 runs, 1 hit, 0 errors, 2 left on base; Phoenix 0 - Salt Lake City 0 |
| TOP OF THE 8TH |
|
Phoenix Giants batting - Pitching for Salt Lake City Bees : RHP Ed Nunez
|
|
Batting: LHB Mike Reynolds
|
0-0: Foul Ball, location: 2F 0-1: Foul Ball, location: 2F 0-2: Strikes out swinging
|
|
Batting: RHB Adam Veldman
|
0-0: Ground out 4-3 (Groundball, 34, EV 88.1 MPH)
|
|
Batting: LHB Frank Gill
|
0-0: SINGLE (Line Drive, 5D, EV 101.9 MPH)
|
|
Batting: RHB Tom Wieghaus
|
0-0: Ball Frank Gill steals 2nd base 1-0: Fly out, F8 (Flyball, 8RD, EV 75.0 MPH)
|
| Top of the 8th over - 0 runs, 1 hit, 0 errors, 1 left on base; Phoenix 0 - Salt Lake City 0 |
| BOTTOM OF THE 8TH |
|
Salt Lake City Bees batting - Pitching for Phoenix Giants : RHP Hal Dues
|
|
Batting: RHB Darrell Miller
|
0-0: Ball 1-0: Called Strike 1-1: Ball 2-1: Ball 3-1: SINGLE (Line Drive, 4MD, EV 96.3 MPH)
|
|
Batting: RHB Reid Nichols
|
0-0: Called Strike 0-1: Swinging Strike 0-2: Grounds into double play, 5-4-3 (Groundball, 56, EV 100.6 MPH)
|
|
Batting: RHB Robert Potts
|
0-0: Foul Ball, location: 2F 0-1: Ball 1-1: SINGLE (Groundball, 25, EV 67.5 MPH) (infield hit)
|
|
Batting: LHB Mike Cole
|
0-0: Ball 1-0: Swinging Strike 1-1: Swinging Strike 1-2: Foul Ball, location: 2F 1-2: Ball Balk! Robert Potts to second 2-2: Ball 3-2: Intentional Walk
|
|
Batting: RHB Dick C Schofield
|
0-0: Called Strike 0-1: Ball 1-1: Ball 2-1: Called Strike 2-2: Foul Ball, location: 2F 2-2: Foul Ball, location: 2F 2-2: Ball 3-2: Ground out 5-3 (Groundball, 5S, EV 77.5 MPH)
|
| Bottom of the 8th over - 0 runs, 2 hits, 0 errors, 2 left on base; Phoenix 0 - Salt Lake City 0 |
| TOP OF THE 9TH |
|
Phoenix Giants batting - Pitching for Salt Lake City Bees : RHP Ed Nunez
|
|
Batting: LHB Raymond Rivas
|
0-0: Called Strike 0-1: DOUBLE (Line Drive, 7LM, EV 105.6 MPH)
|
|
Batting: LHB Bobby V Mitchell
|
0-0: Called Strike 0-1: Swinging Strike 0-2: Ball 1-2: Reached on error, E5 (Groundball, 56S, EV 85.0 MPH) Raymond Rivas to third
|
|
Batting: LHB Ernie Riles
|
0-0: Ball 1-0: Ball 2-0: Ball 3-0: Base on Balls Bobby V Mitchell to second
|
|
Batting: SHB John Macauley
|
0-0: Ball 1-0: Ball 2-0: Called Strike 2-1: Foul Ball, location: 2F 2-2: Foul Ball, location: 2F 2-2: Ball 3-2: Base on Balls Raymond Rivas scores Bobby V Mitchell to third Ernie Riles to second
|
|
Batting: LHB Joseph Bruno
|
0-0: Ball 1-0: Ball 2-0: Called Strike 2-1: Foul Ball, location: 2F 2-2: Fly out, F4 (Popup, 34, EV 79.4 MPH)
|
|
Batting: LHB Mike Reynolds
|
0-0: Foul Ball, location: 2F 0-1: Ball 1-1: Swinging Strike 1-2: Ball 2-2: Fly out, F8 (Flyball, 89M, EV 77.5 MPH)
|
|
Batting: RHB Adam Veldman
|
0-0: Ball 1-0: Foul Ball, location: 2F 1-1: Foul Ball, location: 2F 1-2: Ball 2-2: SINGLE (Line Drive, 78M, EV 103.1 MPH) Bobby V Mitchell scores Ernie Riles to third John Macauley to second Runner from 3rd tries for Home, SAFE, throw by LF to home
|
|
Batting: LHB Frank Gill
|
0-0: Ball 1-0: Ground out U3 (Groundball, 3, EV 88.1 MPH)
|
| Top of the 9th over - 3 runs, 2 hits, 1 error, 2 left on base; Phoenix 3 - Salt Lake City 0 |
| BOTTOM OF THE 9TH |
|
Salt Lake City Bees batting - Pitching for Phoenix Giants : RHP Hal Dues
|
|
Pitching: RHP Charles Davis
|
|
|
Now at SS: Paul Zuvella
|
|
|
Batting: RHB William Cole
|
0-0: Foul Ball, location: 2F 0-1: Called Strike 0-2: Ball 1-2: Foul Ball, location: 2F 1-2: Strikes out swinging
|
|
Batting: RHB Jamie Nelson
|
0-0: Ball 1-0: Called Strike 1-1: Ground out U3 (Groundball, 3, EV 103.1 MPH)
|
|
Batting: RHB Darnell Coles
|
0-0: Foul Ball, location: 2F 0-1: Ball 1-1: Ground out 5-3 (Groundball, 5, EV 104.4 MPH)
|
| Bottom of the 9th over - 0 runs, 0 hits, 0 errors, 0 left on base; Phoenix 3 - Salt Lake City 0 |
|